 Dungeon Crawl Stone Soup version 0.20.0-10-g0535bb4 (webtiles) character file.

212 straycat the Sneak (level 5, -3/41 HPs)
             Began as a Vampire Fighter on June 4, 2017.
             Killed by divine providence
             ... invoked by an orc priest
              (14 damage)
             ... on level 3 of the Dungeon.
             The game lasted 00:05:47 (2352 turns).

straycat the Sneak (Vampire Fighter)                Turns: 2352, Time: 00:05:48

Health: -3/41      AC:  7    Str: 16    XL:     5   Next: 58%
Magic:  5/5        EV:  8    Int: 10    God:
Gold:   87         SH:  9    Dex: 14    Spells: 4/4 levels left

rFire    . . .     SeeInvis +   a - +0 rapier
rCold    + . .     Gourm    .   c - +0 shield
rNeg     + + .     Faith    .   b - +0 scale mail
rPois    +         Spirit   .   (no helmet)
rElec    .         Reflect  .   t - +0 cloak
rCorr    .         Harm     .   (no gloves)
MR       +....                  (no boots)
Stlth    ++........             (no amulet)
Regen    0.1/turn               i - ring of protection from magic
MPRegen  0.1/turn               (no ring)

@: regenerating slowly
A: fangs 3, see invisible, unbreathing
a: Bat Form


You were on level 3 of the Dungeon.
You were thirsty.

You visited 1 branch of the dungeon, and saw 3 of its levels.

You collected 87 gold pieces.

Inventory:

Hand Weapons
 a - a +0 rapier (weapon)
 l - a +0 hunting sling
 s - a +2 quarterstaff of chaos
Missiles
 f - 137 stones (quivered)
 j - 23 bolts
Armour
 b - a +0 scale mail (worn)
 c - a +0 shield (worn)
 t - a +0 cloak (worn)
Jewellery
 i - a ring of protection from magic (left hand)
Wands
 u - a wand of iceblast (9/15)
Scrolls
 g - a scroll of recharging {unknown}
 h - a scroll of blinking {unknown}
 k - 3 scrolls of remove curse {unknown}
 n - a scroll of teleportation {unknown}
 o - a scroll of fear {unknown}
 q - a scroll of identify {unknown}
 r - a scroll of immolation {unknown}
Potions
 d - a potion of might
 e - 15 potions of blood
 m - 2 potions of curing {unknown}
 p - a potion of heal wounds {unknown}


   Skills:
 + Level 3.2 Fighting
 + Level 2.8 Short Blades
 + Level 2.7 Armour
 * Level 3.1 Dodging
 * Level 4.2 Stealth
 + Level 3.2 Shields


You had 4 spell levels left.
You didn't know any spells.

Dungeon Overview and Level Annotations

Branches:
Dungeon (3/15)

Altars:
Ashenzari
Gozag
Makhleb


Innate Abilities, Weirdness & Mutations

You heal slowly.
You have razor-sharp teeth.
You have supernaturally acute eyesight. (SInv)
You can survive without breathing.


Message History

You closely miss the orc priest.
The orc priest calls down the wrath of Beogh upon you.
Pain shoots through your body!
You closely miss the orc priest. The orc priest hits you.
* * * LOW HITPOINT WARNING * * *
You block the orc priest's attack.
You barely miss the orc priest.
The orc priest hits you but does no damage.
An orc comes into view.
You closely miss the orc priest.
The orc priest looks encouraged for a moment.
You closely miss the orc priest. You block the orc priest's attack.
An orc comes into view. It is wielding a mace.
You closely miss the orc priest.
The orc priest looks encouraged for a moment.
The orc moves out of view.
You barely miss the orc priest.
The orc priest invokes the aid of Beogh against you.
Beogh smites you!
You die...

#..##.# ...##.# ##
#...#.######..
##............ ####
#....##....... ..#
.## ##...####
#..##.##....#
#.......#
#(.oo.o.....
##....##>..
###o###....[
#..##.####. ####@#
#o. ..###....# ..#.#
### ####.# #.#.#
#.## #.#.###### #..#
#........# ##.##
#........#
#..###........#
#.)...#............#
...................#


You could see an orc priest and 2 orcs.

Vanquished Creatures
  The ghost of Gorglomux the Sneak, an amateur DEAs (D:3)
  Crazy Yiuf (D:2)
  An adder (D:2)
  An ooze (D:2)
  2 worms (D:2)
  A dart slug (D:2)
  5 leopard geckos
  2 orcs (D:3)
  4 giant cockroaches
  9 goblins
  2 hobgoblins
  A quokka (D:2)
  9 bats
  A frilled lizard (D:1)
  6 kobolds
  2 rats
48 creatures vanquished.

Notes
Turn   | Place    | Note
-------+----------+-------------------------------------------
     0 | D:1      | straycat the Vampire Fighter began the quest for the Orb.
     0 | D:1      | Reached XP level 1. HP: 17/17 MP: 1/1
   162 | D:1      | Reached skill level 1 in Dodging
   205 | D:1      | Reached XP level 2. HP: 22/23 MP: 2/2
   894 | D:2      | Reached skill level 1 in Stealth
   894 | D:2      | Reached XP level 3. HP: 8/28 MP: 3/3
  1210 | D:2      | Reached skill level 2 in Stealth
  1411 | D:2      | Found an opulent altar of Gozag.
  1982 | D:2      | Found a runed door.
  1986 | D:2      | Noticed Crazy Yiuf
  1996 | D:2      | Killed Crazy Yiuf
  1996 | D:2      | Reached skill level 3 in Stealth
  1996 | D:2      | Reached XP level 4. HP: 34/34 MP: 4/4
  2102 | D:3      | Noticed Gorglomux's ghost (amateur DEAs)
  2112 | D:3      | Killed Gorglomux's ghost
  2112 | D:3      | Reached skill level 4 in Stealth
  2112 | D:3      | Reached XP level 5. HP: 41/41 MP: 5/5
  2167 | D:3      | Found a burning altar of Makhleb.
  2167 | D:3      | Found a shattered altar of Ashenzari.
  2200 | D:3      | Found a shattered altar of Ashenzari.
  2255 | D:3      | Found a faded altar of an unknown god.
  2352 | D:3      | Killed from afar by an orc priest

Skill      XL: |  1  2  3  4 |
---------------+-------------+-----
Dodging        | 1 2 3 |  3.1
Stealth        | 1 3 4 |  4.2
Shields        | 3 |  3.2
Fighting       | 3 |  3.2
Short Blades   | |  2.8
Armour         | |  2.7

Action                   |  1- 3 |  4- 6 || total
-------------------------+-------+-------++-------
Melee: Rapier            |   162 |    32 ||   194
       Bite              |    15 |     3 ||    18
  Eat: Corpse            |     1 |     2 ||     3
Armor: Scale mail        |    70 |    11 ||    81
Dodge: Dodged            |    51 |     3 ||    54
Block: Shield            |    88 |    14 ||   102
